 Dungeon Crawl Stone Soup version 0.26-a0-667-g92642533e4 (webtiles) character file.

Game seed: 5886665606713386859

191411 Kinoniko the Executioner (level 18, 0/169 HPs)
             Began as a Minotaur Gladiator on Oct 16, 2020.
             Was a High Priest of Okawaru.
             Slain by a merfolk
             ... wielding a +0 trident
              (2 damage)
             ... on level 3 of the Shoals.
             The game lasted 01:06:39 (31100 turns).

Kinoniko the Executioner (Minotaur Gladiator)      Turns: 31100, Time: 01:06:45

Health: 0/169      AC: 35    Str: 18    XL:     18   Next: 1%
Magic:  22/22      EV: 20    Int: 15    God:    Okawaru [*****.]
Gold:   362        SH:  0    Dex: 19    Spells: 17/17 levels left

rFire    . . .     SeeInvis +   t - +5 battleaxe (flame)
rCold    + . .     Faith    .   (shield currently unavailable)
rNeg     + . .     Spirit   .   B - +11 chain mail of Yesterday {Regen+ Int+3 Dex+3 Stlth+}
rPois    .         Reflect  +   E - +0 mask of the Dragon {MR+ Slay+3 SInv}
rElec    .         Harm     .   I - +2 cloak {Stlth+}
rCorr    .         Rampage  .   C - +2 pair of gloves {archery}
MR       +++..     Clarity  +   P - +1 pair of boots of the Hunter {rN+}
Stlth    ..........             F - amulet of Aqagg {Reflect rC+ Dex+2 SH+5}
HPRegen  0.78/turn              s - ring of see invisible
MPRegen  0.18/turn              b - ring of protection from magic

@: confused, heroism, finesse, studying Dodging, very slow
A: retaliatory headbutt, horns 2, clarity, clever 1, weak 1
a: Heroism, Finesse, Renounce Religion


You were on level 3 of the Shoals.
You worshipped Okawaru.
Okawaru was extremely pleased with you.
You visited 4 branches of the dungeon, and saw 26 of its levels.
You also visited: Gauntlet and Ice Cave.

You collected 3998 gold pieces.
You spent 3636 gold pieces at shops.

Inventory:

Hand Weapons
 a - the +4 battleaxe of Quantum Leap {vamp, Str+2}
   (Okawaru gifted it to you on level 14 of the Dungeon)

   It inflicts no extra harm, but heals its wielder when it wounds a living foe.
   It affects your strength (+2).
 r - a +0 arbalest of flaming
 t - a +5 battleaxe of flaming (weapon)
 O - a +2 vorpal executioner's axe
Missiles
 H - 397 bolts (quivered)
 J - 3 throwing nets
Armour
 k - the -3 pair of gloves "Jouklacw" {rC++ MR- Int+7}
   (Okawaru gifted it to you on level 15 of the Dungeon)

   It affects your intelligence (+7).
   It greatly protects you from cold.
   It affects your resistance to hostile enchantments.
 A - the +3 robe of Folly {Archmagi, MR-- Int+5}
   (You found it in an ice cave)

   It affects your intelligence (+5).
   It affects your resistance to hostile enchantments.
 B - the +11 chain mail of Yesterday (worn) {Regen+ Int+3 Dex+3 Stlth+}
   (You found it on level 1 of the Shoals)

   It affects your intelligence (+3).
   It affects your dexterity (+3).
   It increases your rate of regeneration.
   It makes you more stealthy.
 C - a +2 pair of gloves of archery (worn)
 E - the +0 mask of the Dragon (worn) {MR+ Slay+3 SInv}
   (You bought it in a shop on level 7 of the Dungeon)

   It affects your accuracy and damage with ranged weapons and melee attacks
   (+3).
   It affects your resistance to hostile enchantments.
   It lets you see invisible.
 G - a +2 chain mail of magic resistance
 I - a +2 cloak of stealth (worn)
 P - the +1 pair of boots of the Hunter (worn) {rN+}
   (Okawaru gifted it to you on level 5 of the Lair of Beasts)

   It protects you from negative energy.
Jewellery
 b - a ring of protection from magic (right hand)
 s - a ring of see invisible (left hand)
 F - the amulet of Aqagg (around neck) {Reflect rC+ Dex+2 SH+5}
   (You bought it in a shop on level 10 of the Dungeon)

   [amulet of reflection]

   It shields you and reflects attacks.
   It affects your dexterity (+2).
   It protects you from cold.
   It affects your SH (+5).
 K - an uncursed ring of magical power
 T - a +6 ring of dexterity
 U - an uncursed amulet of guardian spirit
 W - an uncursed ring of protection from cold
 Y - an uncursed amulet of magic regeneration
Wands
 l - a wand of digging (6)
 L - a wand of acid (12)
 M - a wand of flame (63)
 N - a wand of iceblast (12)
 S - a wand of disintegration (28)
Scrolls
 c - a scroll of summoning
 e - 2 scrolls of identify
 g - 2 scrolls of magic mapping
 i - a scroll of enchant armour
 m - 4 scrolls of amnesia
 o - 20 scrolls of remove curse
 y - 7 scrolls of teleportation
Potions
 h - 7 potions of curing
 n - 5 potions of brilliance
 p - 2 potions of might
 v - 2 potions of resistance
 x - 3 potions of flight
 z - 2 potions of stabbing
 D - 2 potions of cancellation
 Q - 2 potions of mutation
Books
 R - a manual of Dodging


   Skills:
 + Level 17.1(22.1) Fighting
 - Level 22.2(27) Axes
 * Level 8.4(13.4) Crossbows
 - Level 2.0(7.0) Throwing
 + Level 12.7(17.7) Armour
 + Level 13.5(18.5) Dodging
 - Level 7.0 Invocations
 - Level 6.3 Evocations


You had 17 spell levels left.
You didn't know any spells.
Your spell library contained the following spells:

 Spells                   Type           Power        Failure   Level
 Animate Skeleton         Necr           #.....       82%         1
 Freeze                   Ice            #...         82%         1
 Pain                     Necr           #...         82%         1
 Sandblast                Erth           #.....       82%         1
 Shock                    Conj/Air       #...         82%         1
 Sting                    Tmut/Pois      #...         82%         1
 Summon Small Mammal      Summ           #...         82%         1
 Call Imp                 Summ           #.......     91%         2
 Corpse Rot               Necr/Air       N/A          91%         2
 Passwall                 Tmut/Erth      #.......     91%         2
 Poisonous Vapours        Pois/Air       #.....       91%         2
 Swiftness                Air            #.......     91%         2
 Call Canine Familiar     Summ           #.......     99%         3
 Confusing Touch          Hex            #.......     99%         3
 Frozen Ramparts          Ice            #.....       99%         3
 Gell's Gravitas          Tloc           #.........   99%         3
 Ignite Poison            Fire/Tmut/Pois #.......     99%         3
 Ozocubu's Armour         Ice            #.......     99%         3
 Portal Projectile        Hex/Tloc       #.....       99%         3
 Static Discharge         Conj/Air       #.......     99%         3
 Stone Arrow              Conj/Erth      #.....       99%         3
 Summon Guardian Golem    Hex/Summ       #.......     99%         3
 Vampiric Draining        Necr           #.........   99%         3
 Airstrike                Air            #.........   100%        4
 Animate Dead             Necr           #.........   100%        4
 Hailstorm                Conj/Ice       #.......     100%        4
 Petrify                  Tmut/Erth      #.......     100%        4
 Summon Ice Beast         Ice/Summ       #.......     100%        4
 Summon Lightning Spire   Summ/Air       #.......     100%        4
 Agony                    Necr           #.......     100%        5
 Bolt of Magma            Conj/Fire/Erth #.........   100%        5
 Fireball                 Conj/Fire      #.........   100%        5
 Irradiate                Conj/Tmut      #.........   100%        5
 Iskenderun's Battlesphe  Conj           #.......     100%        5
 Lee's Rapid Deconstruct  Erth           #.........   100%        5
 Lightning Bolt           Conj/Air       #.........   100%        5
 Metabolic Englaciation   Hex/Ice        #.........   100%        5
 Silence                  Hex/Air        #.........   100%        5
 Yara's Violent Unravell  Hex/Tmut       #.........   100%        5
 Conjure Ball Lightning   Conj/Air       #.........   100%        6
 Hydra Form               Tmut           #.........   100%        6
 Iron Shot                Conj/Erth      #.........   100%        6
 Starburst                Conj/Fire      #.........   100%        6
 Statue Form              Tmut/Erth      #........    100%        6
 Dragon Form              Tmut           #.........   100%        7
 Malign Gateway           Summ/Tloc      #.........   100%        7
 Monstrous Menagerie      Summ           #.........   100%        7
 Orb of Destruction       Conj           #.........   100%        7
 Spellforged Servitor     Conj/Summ      #.........   100%        7
 Summon Greater Demon     Summ           #.........   100%        7
 Ignition                 Fire           #.........   100%        8
 Summon Horrible Things   Summ           #.........   100%        8


Dungeon Overview and Level Annotations

Branches:
Dungeon (15/15)            Temple (0/1) D:6            Lair (6/6) D:11
 Shoals (3/4) Lair:4       Spider (0/4) Lair:2        Slime (0/5) Lair:5
    Orc (2/2) D:9             Elf (0/3) Orc:2        Vaults (0/5) D:14
 Depths (0/5) D:15          IceCv (visited)         Gauntlet (visited)

Altars:
Ashenzari
Dithmenos
Elyvilon
Fedhas
Hepliaklqana
Okawaru
Trog
Beogh
Jiyva

Shops:
D:6 [   D:7 [   D:10 =   D:15 !*([[   Orc:2 [*[=*}!*[

Annotations:
Orc:2 1 runed translucent door, exclusion: 4 orange crystal statues


Innate Abilities, Weirdness & Mutations

You reflexively headbutt those who attack you in melee.
You have a pair of horns on your head.
You possess an exceptional clarity of mind.
Your mind is acute. (Int +2)
You are weak. (Str -2)


Message History

You feel better.
You feel less invigorated.
The merfolk hits you but does no damage.
You block the merfolk's attack.
The merfolk hits you but does no damage.
Unknown command.
You feel better.
The alligator snapping turtle bites you from afar.
* * * LOW HITPOINT WARNING * * *
You block the merfolk's attack.
The merfolk hits you from afar with a +0 trident.
* * * LOW HITPOINT WARNING * * *
The merfolk hits you from afar with a +0 trident!
* * * LOW HITPOINT WARNING * * *
You are confused.
You feel invigorated.
The merfolk hits you but does no damage.
The alligator snapping turtle bites you from afar!!
* * * LOW HITPOINT WARNING * * *
The merfolk hits you from afar with a +0 trident.
You die...

≈≈≈≈≈≈≈≈≈....###[....###### ###.
≈≈≈≈≈≈≈≈≈≈≈...##..........####...
≈≈≈≈.....≈≈...###.......≈.......≈
≈≈≈.####.≈≈≈.)..(.(..(...≈≈...≈≈≈
≈≈.. #.≈≈≈≈..=..≈...≈≈[≈≈≈..≈≈≈
≈≈ #..≈......≈≈≈...≈≈≈≈≈≈≈≈≈≈
#...####..≈≈≈≈≈≈≈≈≈≈≈≈≈≈≈≈ #...#
#.≈≈≈≈≈≈≈≈≈≈≈≈≈≈≈≈≈
##.@≈≈≈≈≈≈≈≈≈≈≈≈≈≈≈≈
#t.≈≈≈≈≈≈≈≈≈≈≈≈≈≈≈≈≈
..≈≈...mmm≈≈≈≈≈≈≈≈.≈≈≈≈≈≈
≈≈≈≈≈≈≈≈≈≈≈≈≈≈≈≈≈
≈≈≈≈≈≈≈≈≈≈≈≈≈≈≈≈≈
≈≈≈≈≈≈≈≈≈≈≈≈≈≈≈≈≈
≈≈≈≈≈≈≈≈≈≈≈≈≈≈≈≈≈
≈≈≈≈≈≈≈≈≈≈≈≈≈≈≈≈≈
≈≈≈≈≈≈≈≈≈≈≈≈≈≈≈≈


You could see an alligator snapping turtle and 3 merfolk.

Vanquished Creatures
  Rupert (D:13)
  2 krakens (Shoals:3)
  Ilsuiw (Shoals:3)
  The ghost of Birvald the Geomancer, a journeyman GrEE of Vehumet (Lair:6)
  The ghost of Sensen the Fighter, a journeyman DrTm of Ashenzari (Orc:1)
  Azrael (D:13)
  A minotaur (Gauntlet)
  3 merfolk javelineers
  3 merfolk impalers
  A boulder beetle (D:15)
  Erolcha (Orc:1)
  2 ogre magi
  Fannar (D:11)
  5 hydras
  4 vault guards (D:14)
  A catoblepas (Lair:5)
  3 centaur warriors
  An anaconda (Shoals:1)
  3 alligator snapping turtles
  A satyr (Shoals:3)
  3 merfolk avatars
  20 two-headed ogres
  An orc high priest (Orc:1)
  2 tengu warriors (D:14)
  8 death yaks (Lair:6)
  The ghost of anet the Thaumaturge, a novice DECj of Ashenzari (D:9)
  6 skeletal warriors
  A wizard (D:15)
  3 sea snakes
  2 unseen horrors
  A lindwurm (Lair:3)
  A necromancer (IceCv)
  A spectral wolf spider (D:9)
  A wolf spider zombie (D:12)
  6 orc knights
  An obsidian statue (Gauntlet)
  19 harpies
  2 oklob plants
  6 manticores
  3 deep elf magi
  8 cyclopes
  7 ugly things
  2 orc sorcerers
  3 black mambas
  4 centaur zombies
  9 merfolk sirens
  7 elephants
  2 water nymphs
  3 ice statues (IceCv)
  A torpor snail (Lair:4)
  A naga mage (D:15)
  6 gargoyles
  36 cane toads
  8 komodo dragons
  8 rime drakes
  A freezing wraith (D:14)
  An efreet (D:13)
  7 ice devils (IceCv)
  3 trolls
  A jumping spider (shapeshifter) (D:14)
  A polar bear (Lair:5)
  5 tyrant leeches (Lair:6)
  12 merfolk
  7 snapping turtles
  4 wind drakes
  13 dream sheep
  13 blink frogs
  A meliai zombie (D:13)
  17 slime creatures
  A shadow (D:14)
  2 wraiths
  2 vampires
  2 water elementals
  4 wyverns
  40 yaks
  2 fire elementals (D:13)
  2 basilisks
  10 vampire mosquitoes
  2 steam dragons
  Menkaure (D:5)
  2 wargs (Orc:1)
  10 water moccasins
  4 hell hounds (D:13)
  45 orc warriors
  4 small abominations (Gauntlet)
  A black bear (D:9)
  2 hornet zombies (D:14)
  5 ice beasts
  8 ogres
  5 sky beasts
  An eye of draining (D:10)
  2 phantoms
  19 wolves
  27 centaurs
  A big kobold (D:10)
  31 bullfrogs
  A wyvern zombie (D:8)
  2 wyvern skeletons
  A scorpion (D:12)
  5 killer bees (D:8)
  24 wights
  7 howler monkeys
  A draconian simulacrum (IceCv)
  6 jellies
  15 orc priests
  2 bullfrog skeletons (D:12)
  12 hounds
  Crazy Yiuf (D:2)
  2 centaur skeletons
  Jessica (D:2)
  5 iguanas
  6 hell rats (Lair:5)
  24 orc wizards
  11 worker ants
  A troll simulacrum (IceCv)
  2 spriggan simulacra (IceCv)
  3 centaur simulacra
  2 hound skeletons
  A mummy (D:9)
  Robin (D:2)
  4 ogre simulacra (IceCv)
  3 gnolls (D:6)
  11 adders
  6 white imps
  2 ufetubi (D:10)
  2 adder zombies (D:9)
  2 worms
  4 dart slugs
  3 leopard geckos
  87 orcs
  3 ball pythons
  5 bats
  2 giant cockroaches
  16 goblins
  8 hobgoblins
  14 jackals
  5 kobolds
  2 quokkas
  2 frilled lizards (D:3)
  A leopard gecko skeleton (D:7)
  2 quokka skeletons
  4 rats
  7 tentacles (Shoals:3)
882 creatures vanquished.

Vanquished Creatures (others)
  33 fungi
  111 plants
  11 tentacles (Shoals:3)
  4 withered plants (Gauntlet)
159 creatures vanquished.

Grand Total: 1041 creatures vanquished

Notes
Turn   | Place    | Note
-------+----------+-------------------------------------------
     0 | D:1      | Kinoniko the Minotaur Gladiator began the quest for the
                  | Orb.
     0 | D:1      | Reached XP level 1. HP: 18/18 MP: 0/0
   110 | D:1      | Reached skill level 4 in Axes
   264 | D:1      | Reached XP level 2. HP: 25/25 MP: 1/1
   924 | D:2      | Found an iron altar of Okawaru.
   949 | D:2      | Became a worshipper of Warmaster Okawaru
  1016 | D:2      | Found a runed translucent door.
  1019 | D:2      | Noticed Crazy Yiuf
  1022 | D:2      | Gained mutation: You are weak. (Str -2) [potion of
                  | mutation]
  1022 | D:2      | Gained mutation: You possess an exceptional clarity of
                  | mind. [potion of mutation]
  1022 | D:2      | Gained mutation: Your mind is acute. (Int +2) [potion of
                  | mutation]
  1026 | D:2      | Killed Crazy Yiuf
  1026 | D:2      | Reached skill level 5 in Axes
  1026 | D:2      | Reached XP level 3. HP: 27/30 MP: 2/2
  1176 | D:2      | Noticed Robin
  1189 | D:2      | Reached XP level 4. HP: 25/37 MP: 3/3
  1201 | D:2      | Reached skill level 6 in Axes
  1207 | D:2      | Killed Robin
  1556 | D:2      | You fall into a shaft and drop 1 floor!
  2083 | D:3      | Reached XP level 5. HP: 42/42 MP: 4/4
  2093 | D:3      | Reached skill level 7 in Axes
  2637 | D:2      | Noticed Jessica
  2641 | D:2      | Killed Jessica
  2866 | D:4      | Got a shimmering war axe
  2867 | D:4      | Identified the +6 war axe of Ywnyrino {vorpal, Str+2 Int+5}
                  | (You found it on level 4 of the Dungeon)
  3106 | D:4      | Reached skill level 8 in Axes
  3114 | D:4      | Reached XP level 6. HP: 34/50 MP: 5/5
  3448 | D:5      | Entered Level 5 of the Dungeon
  3577 | D:5      | Noticed Menkaure
  3582 | D:5      | Killed Menkaure
  3582 | D:5      | Reached * piety under Okawaru
  3586 | D:5      | Found a hazy altar of Hepliaklqana.
  3590 | D:5      | Reached skill level 9 in Axes
  3736 | D:5      | Noticed a sky beast
  3743 | D:5      | Killed a sky beast
  3797 | D:5      | Reached ** piety under Okawaru
  3797 | D:5      | Reached XP level 7. HP: 56/56 MP: 6/6
  3927 | D:5      | Got a heavily runed chain mail
  3938 | D:5      | Identified the +7 chain mail of Bitterness {Str+3} (You
                  | found it on level 5 of the Dungeon)
  4078 | D:6      | Reached skill level 10 in Axes
  4276 | D:6      | Found a hazy altar of Hepliaklqana.
  4307 | D:6      | Found a staircase to the Ecumenical Temple.
  4330 | D:6      | Reached skill level 11 in Axes
  4447 | D:6      | Found Sojec's Antique Armour Boutique.
  4466 | D:6      | Reached XP level 8. HP: 62/62 MP: 7/7
  4719 | D:6      | Reached skill level 12 in Axes
  4742 | D:7      | Reached *** piety under Okawaru
  4766 | D:7      | Reached skill level 13 in Axes
  4791 | D:7      | Reached **** piety under Okawaru
  4833 | D:7      | Reached XP level 9. HP: 52/68 MP: 8/8
  4885 | D:7      | Reached skill level 14 in Axes
  5027 | D:7      | Found a blossoming altar of Fedhas.
  5179 | D:7      | Found Seung's Antique Armour Boutique.
  5505 | D:8      | Reached skill level 15 in Axes
  6125 | D:9      | Found a bloodstained altar of Trog.
  6129 | D:9      | Found a transporter.
  6129 | D:9      | Noticed anet's ghost (novice DECj)
  6140 | D:9      | Noticed a spectral wolf spider
  6158 | D:9      | Noticed a skeletal warrior
  6173 | D:9      | Reached skill level 16 in Axes
  6176 | D:9      | You fall into a shaft and drop 2 floors!
  6282 | D:11     | Reached XP level 10. HP: 64/74 MP: 9/9
  6326 | D:10     | Entered Level 10 of the Dungeon
  6326 | D:10     | Found Wudghewka's Jewellery Boutique.
  6332 | D:10     | Reached ***** piety under Okawaru
  6657 | D:9      | Reached skill level 17 in Axes
  6806 | D:9      | Found a transporter.
  6965 | D:9      | Found a staircase to the Orcish Mines.
  7193 | D:9      | Noticed a two-headed ogre
  7204 | D:9      | Killed a two-headed ogre
  7204 | D:9      | Received a gift from Okawaru
  7260 | D:9      | Reached skill level 18 in Axes
  7589 | D:10     | Found a broken altar of Ashenzari.
  7633 | D:10     | Identified a scroll of acquirement
  7633 | D:10     | Acquired 1168 gold pieces
  7646 | D:10     | Reached skill level 20 in Axes
  7646 | D:10     | Reached XP level 11. HP: 80/80 MP: 10/10
  7831 | D:10     | Reached skill level 1 in Armour
  8396 | D:11     | Noticed Fannar
  8424 | D:11     | Killed Fannar
  8466 | D:11     | Found a staircase to the Lair.
  8498 | D:11     | Noticed a two-headed ogre
  8507 | D:11     | Killed a two-headed ogre
  8507 | D:11     | Reached skill level 5 in Fighting
  8910 | D:7      | Bought the +0 mask of the Dragon {MR+ Slay+3 SInv} for 1035
                  | gold pieces
  8910 | D:7      | Found the +0 mask of the Dragon {MR+ Slay+3 SInv}
  9043 | D:10     | Bought the amulet of Aqagg {Reflect rC+ Dex+2 SH+5} for 578
                  | gold pieces
  9087 | D:12     | Reached XP level 12. HP: 64/94 MP: 11/11
  9262 | D:12     | Found a shadowy altar of Dithmenos.
  9295 | D:12     | Noticed a two-headed ogre
  9302 | D:12     | Killed a two-headed ogre
  9302 | D:12     | Received a gift from Okawaru
  9302 | D:12     | Reached skill level 5 in Dodging
  9391 | D:12     | Noticed a two-headed ogre
  9400 | D:12     | Killed a two-headed ogre
  9477 | D:12     | Found a frozen archway.
  9492 | IceCv    | Entered an ice cave
  9834 | IceCv    | Found the +3 robe of Folly {Archmagi, MR-- Int+5}
  9838 | IceCv    | Reached skill level 5 in Armour
 10365 | D:12     | Received a gift from Okawaru
 10854 | Lair:1   | Entered Level 1 of the Lair of Beasts
 10899 | Lair:1   | Noticed a four-headed hydra
 10907 | Lair:1   | Killed a one-headed hydra
 12018 | Lair:2   | Found a bloodstained altar of Trog.
 12024 | Lair:2   | Reached XP level 13. HP: 85/112 MP: 12/12
 12521 | Lair:2   | Reached skill level 10 in Fighting
 12638 | Lair:2   | Found a hole to the Spider Nest.
 13004 | Lair:2   | Received a gift from Okawaru
 14198 | Lair:3   | Reached skill level 21 in Axes
 14450 | Lair:4   | Found a staircase to the Shoals.
 14713 | Lair:4   | You fall into a shaft and drop 1 floor!
 14717 | Lair:5   | Reached ****** piety under Okawaru
 14719 | Lair:5   | Received a gift from Okawaru
 14727 | Lair:5   | Got a pair of jewelled boots {god gift}
 14728 | Lair:5   | Identified the +1 pair of boots of the Hunter {rN+}
                  | (Okawaru gifted it to you on level 5 of the Lair of Beasts)
 15749 | Lair:5   | Found a viscous altar of Jiyva.
 15749 | Lair:5   | Found a staircase to the Slime Pits.
 15844 | Lair:5   | Reached XP level 14. HP: 104/127 MP: 13/13
 16070 | Lair:6   | Entered Level 6 of the Lair of Beasts
 16951 | Lair:6   | Received a gift from Okawaru
 17266 | Lair:6   | Identified Sif Muna's Incunabulum of Unstable Flight
 17556 | Lair:6   | Reached skill level 10 in Armour
 17876 | Lair:6   | Received a gift from Okawaru
 17876 | Lair:6   | Reached skill level 10 in Dodging
 18092 | Lair:6   | Found a runed translucent door.
 18097 | Lair:6   | Noticed Birvald's ghost (journeyman GrEE)
 18113 | Lair:6   | Killed Birvald's ghost
 18529 | D:13     | Noticed Rupert
 18547 | D:13     | Killed Rupert
 18754 | D:13     | Reached XP level 15. HP: 116/139 MP: 11/14
 18762 | D:13     | Noticed Azrael
 18773 | D:13     | Killed Azrael
 18773 | D:13     | Reached skill level 1 in Invocations
 18773 | D:13     | Reached skill level 1 in Evocations
 19422 | D:13     | Reached skill level 15 in Fighting
 19644 | D:13     | Received a gift from Okawaru
 19987 | D:14     | Found a gate leading to a gauntlet.
 20003 | Gauntlet | Entered a Gauntlet
 20003 | Gauntlet | Found a transporter.
 20003 | Gauntlet | Found a transporter.
 20003 | Gauntlet | Found a transporter.
 20003 | Gauntlet | Found a transporter.
 20057 | Gauntlet | Found a transporter.
 20057 | Gauntlet | Found a transporter.
 20059 | Gauntlet | Found a large runed translucent door.
 20060 | Gauntlet | Found a large runed translucent door.
 20061 | Gauntlet | Found a large runed translucent door.
 20061 | Gauntlet | Found a large runed translucent door.
 20061 | Gauntlet | Found a runed translucent door.
 20062 | Gauntlet | Found a runed translucent door.
 20063 | Gauntlet | Found a large runed translucent door.
 20064 | Gauntlet | Found a large runed translucent door.
 20064 | Gauntlet | Found a large runed translucent door.
 20064 | Gauntlet | Found a large runed translucent door.
 20065 | Gauntlet | Found a large runed translucent door.
 20065 | Gauntlet | Found a large runed translucent door.
 20066 | Gauntlet | Found a large runed translucent door.
 20066 | Gauntlet | Found a large runed translucent door.
 20068 | Gauntlet | Found a runed translucent gate.
 20068 | Gauntlet | Found a runed translucent gate.
 20068 | Gauntlet | Found a runed translucent gate.
 20070 | Gauntlet | Found a transporter.
 20074 | Gauntlet | Found a transporter.
 20081 | Gauntlet | Found a large runed translucent door.
 20088 | Gauntlet | Found a transporter.
 20098 | Gauntlet | Found a transporter.
 20137 | Gauntlet | Found a large runed translucent door.
 20140 | Gauntlet | Found a large runed translucent door.
 20140 | Gauntlet | Found a large runed translucent door.
 20212 | Gauntlet | Found a transporter.
 20214 | Gauntlet | Found a transporter.
 20883 | Gauntlet | Identified the Catalogue of Spatial Weightlessness
 21208 | D:14     | Received a gift from Okawaru
 21326 | D:14     | Got a masterwork battleaxe {god gift}
 21327 | D:14     | Identified the +4 battleaxe of Quantum Leap {vamp, Str+2}
                  | (Okawaru gifted it to you on level 14 of the Dungeon)
 21407 | D:14     | Found a gate to the Vaults.
 22050 | D:14     | HP: 6/141 [titanic slime creature (88)]
 22066 | D:14     | Received a gift from Okawaru
 22463 | D:15     | Entered Level 15 of the Dungeon
 22470 | D:15     | Found Duocetof's Armour Emporium.
 22513 | D:15     | Found Zugg's Armour Emporium.
 22524 | D:15     | Reached skill level 22 in Axes
 22747 | D:15     | Found Fejovoja's Assorted Antiques.
 22755 | D:15     | Bought a scroll of identify for 58 gold pieces
 22755 | D:15     | Bought a fading battleaxe for 333 gold pieces
 22755 | D:15     | Bought a potion of mutation for 232 gold pieces
 22755 | D:15     | Bought a scroll of identify for 58 gold pieces
 22755 | D:15     | Identified the cursed +1 battleaxe "Duothr Wasch" {vorpal,
                  | rElec Str+4} (You bought it in a shop on level 15 of the
                  | Dungeon)
 22915 | D:15     | Found Sypeuc's Weapon Shop.
 23319 | D:15     | Found a white marble altar of Elyvilon.
 23456 | D:15     | Reached skill level 5 in Invocations
 23476 | D:15     | Received a gift from Okawaru
 23497 | D:15     | Got a pair of faintly glowing gloves {god gift}
 23508 | D:15     | Identified the -3 pair of gloves "Jouklacw" {rC++ MR-
                  | Int+7} (Okawaru gifted it to you on level 15 of the
                  | Dungeon)
 23608 | D:15     | Found a staircase to the Depths.
 23678 | D:15     | Found Vocestry's Distillery.
 23932 | Orc:1    | Entered Level 1 of the Orcish Mines
 23932 | Orc:1    | Found a runed translucent door.
 23971 | Orc:1    | Found a roughly hewn altar of Beogh.
 23984 | Orc:1    | Reached XP level 16. HP: 151/151 MP: 17/19
 24115 | Orc:1    | Reached skill level 5 in Evocations
 24163 | Orc:1    | Noticed Erolcha
 24173 | Orc:1    | Killed Erolcha
 24184 | Orc:1    | You fall into a shaft and drop 1 floor!
 24184 | Orc:2    | Entered Level 2 of the Orcish Mines
 24189 | Orc:2    | Found Bauwuere's Armour Shop.
 24189 | Orc:2    | Found Tefafrem's General Store.
 24193 | Orc:2    | Found Varyhex's Armour Emporium.
 24289 | Orc:1    | Noticed Sensen's ghost (journeyman DrTm)
 24301 | Orc:1    | Killed Sensen's ghost
 25409 | D:15     | Bought a potion of experience for 700 gold pieces
 25409 | D:15     | Bought a potion of heal wounds for 70 gold pieces
 25409 | D:15     | Bought a potion of haste for 140 gold pieces
 25409 | D:15     | Bought a potion of curing for 42 gold pieces
 25409 | D:15     | Reached skill level 5 in Crossbows
 25409 | D:15     | Reached XP level 17. HP: 158/158 MP: 20/20
 25524 | D:9      | Killed anet's ghost
 25688 | Orc:2    | Found Peputohe's Jewellery Shoppe.
 25913 | Orc:2    | Found a staircase to the Elven Halls.
 25914 | Orc:2    | Found Moucw's Assorted Antiques.
 25920 | Orc:2    | Found a runed translucent door.
 26261 | Orc:2    | Found a runed translucent door.
 26268 | Orc:2    | Found the +10 tower shield of Ignorance {rN+ Int-4}
 26513 | Orc:2    | Found Umutwyti's Distillery.
 26513 | Orc:2    | Found Hosywn's Assorted Antiques.
 26515 | Orc:2    | Found Tirphu's Antique Armour Shop.
 26517 | Orc:2    | Found Qohixkac's Gadget Emporium.
 27136 | Orc:2    | Bought a silver ring for 130 gold pieces
 27136 | Orc:2    | Bought 2 potions of heal wounds for 260 gold pieces
 27337 | Shoals:1 | Entered Level 1 of the Shoals
 27628 | Shoals:1 | HP: 6/159 [alligator snapping turtle (24)]
 28398 | Shoals:1 | Got an ichor-stained chain mail
 28408 | Shoals:1 | Identified the +11 chain mail of Yesterday {Regen+ Int+3
                  | Dex+3 Stlth+} (You found it on level 1 of the Shoals)
 28434 | Shoals:1 | Received a gift from Okawaru
 29109 | Shoals:2 | Got a faintly glowing ring mail
 29110 | Shoals:2 | Identified the +1 ring mail of Supple Strength {Stlth+}
                  | (You found it on level 2 of the Shoals)
 29303 | Shoals:2 | Received a gift from Okawaru
 30191 | Shoals:3 | Noticed a kraken
 30206 | Shoals:3 | Killed a kraken
 30619 | Shoals:3 | Noticed Ilsuiw
 30652 | Shoals:3 | Killed Ilsuiw
 31075 | Shoals:3 | Noticed a kraken
 31091 | Shoals:3 | HP: 5/161 [merfolk javelineer/silver javelin (21)]
 31091 | Shoals:3 | HP: 2/161 [merfolk javelineer/silver javelin (3)]
 31093 | Shoals:3 | Killed a kraken
 31093 | Shoals:3 | Reached XP level 18. HP: 7/169 MP: 20/22
 31100 | Shoals:3 | HP: 2/169 [alligator snapping turtle (20)]
 31100 | Shoals:3 | Slain by a merfolk

Illustrated notes

Levels and vault maps discovered:
D:1:      minmay_arrival_radiant_lines, layout_basic
D:2:      layout_rooms, okawaru_ov_weapons_minmay, uniq_jessica, uniq_robin,
          uniq_crazy_yiuf_cottage
D:3:      kennysheep_big_flooded_room, layout_basic, minmay_crystal_room,
          grunt_ministairs_1
D:4:      layout_loops_ring
D:5:      layout_loops_ring, lemuel_round_altar, uniq_menkaure
D:6:      layout_basic, minmay_temple_entry_tees, basic_altar, serial_shops,
          shop
D:7:      layout_cave_pools, serial_shops, nicolae_shop_crystal, fedhas_altar_4
D:8:      layout_cave_pods
D:9:      layout_stronghold, david_orc_4, gammafunk_ghost_mausoleum, basic_altar
D:10:     layout_loops_ring, serial_shops, shop, ashenzari_altar_1
D:11:     layout_cave_pools, lair_entry_dummy, uniq_fannar
D:12:     layout_cave_pools, portal_ice_cave_rime, basic_altar,
          minmay_misc_feat_encased
D:13:     layout_loops_ring, uniq_azrael, uniq_rupert
D:14:     layout_basic, lightli_vaults_fourway_checkpoint, dk_noncrumbling_3,
          gauntlet_entry_generic
D:15:     grunt_enter_depths_magical_seal, layout_long_grid,
          lemuel_doored_altar, serial_shops, nicolae_shop_behind_doors,
          shop_coins, shop_statue, nicolae_shop_waterfront, shop, minivault_16
Lair:1:   layout_loops_ring, minivault_11
Lair:2:   layout_misc_corridors, dummy_spider_entry, lemuel_oklob_altar
Lair:3:   layout_misc_corridors, infiniplex_staircase_pool_2
Lair:4:   layout_cave_pods, minmay_shoals_entry_centaurs,
          minmay_lair_drake_nest, lemuel_fruit_fields, lemuel_fruit_tree
Lair:5:   layout_hall_layers, dpeg_slime_entry_enclosed_altar
Lair:6:   minmay_lair_end_frog_pond, layout_loops_ring,
          ebering_ghost_reflecting_pool, serial_bayou_crossing
Shoals:1: layout_shoals, nicolae_shoals_siren_and_animal_friends
Shoals:2: layout_shoals
Shoals:3: layout_shoals, uniq_ilsuiw
Orc:1:    layout_caves, basic_altar, ebering_ghost_reflecting_pool,
          mines3_lemuel, uniq_erolcha
Orc:2:    st_orc_rangers, layout_caves, enter_volcano_4, serial_shops,
          nicolae_shop_statue_plus, shop, nicolae_shop_behind_doors, shop,
          nicolae_shop_stone, nicolae_orc_sculptors_studio,
          chequers_guarded_unrand_ignorance

Skill      XL: |  1  2  3  4  5  6  7  8  9 10 11 12 13 14 15 16 17 |
---------------+----------------------------------------------------+-----
Axes           | 4 5 6 8 9 11 13 16 20 21 22 | 22.2
Fighting       | 5 9 12 14 15 17 | 17.1
Armour         | 2 6 8 10 11 12 | 12.7
Dodging        | 4 6 8 10 11 13 | 13.5
Invocations    | 5 7 |  7.0
Evocations     | 4 5 6 |  6.3
Crossbows      | 5 8 |  8.4
Throwing       | |  2.0

Action                   |  1- 3 |  4- 6 |  7- 9 | 10-12 | 13-15 | 16-18 || total
-------------------------+-------+-------+-------+-------+-------+-------++-------
Melee: War axe           |    48 |   129 |   237 |    88 |       |       ||   502
       Headbutt          |     7 |     6 |    35 |    85 |   194 |   103 ||   430
       Battleaxe         |       |       |       |   304 |   868 |   521 ||  1693
 Fire: Arbalest          |       |       |       |       |       |    33 ||    33
Invok: Heroism           |       |       |     3 |     7 |    18 |     8 ||    36
       Finesse           |       |       |       |       |     4 |     3 ||     7
  Use: Scroll            |     3 |     5 |    10 |    12 |    19 |     9 ||    58
       Potion            |     4 |       |       |     5 |    10 |    16 ||    35
 Stab: Invisible         |       |       |       |       |     2 |       ||     2
Armor: Leather armour    |    14 |    16 |       |       |       |       ||    30
       Ring mail         |       |    35 |     2 |       |       |       ||    37
       Chain mail        |       |       |   137 |   155 |   307 |   344 ||   943
Dodge: Dodged            |    29 |    78 |    95 |   125 |   400 |   489 ||  1216
Block: Other             |       |       |       |    20 |   136 |   166 ||   322
       Reflection        |       |       |       |     1 |     4 |    21 ||    26

Table legend: (Time is in decaauts)
 A = Elapsed time spent in this place.
 B = Non-inter-level travel time spent in this place.
 C = Inter-level travel time spent in this place.
 D = Time resting spent in this place.
 E = Time spent auto-exploring this place.
 F = Levels seen in this place.
 G = Mean time per level.
                   A        B        C        D        E       F      G
               +--------+--------+--------+--------+--------+-----+--------+
         Total |  30857 |  28873 |   1984 |  10596 |  13418 |  28 | 1102.0 |
       Dungeon |  14953 |  13559 |   1394 |   3996 |   7292 |  15 |  996.9 |
          Lair |   7962 |   7650 |    312 |   3296 |   3530 |   6 | 1327.0 |
        Shoals |   3550 |   3437 |    113 |   1308 |   1440 |   3 | 1183.3 |
  Orcish Mines |   2676 |   2511 |    165 |   1033 |    960 |   2 | 1338.0 |
      Ice Cave |    814 |    814 |      0 |    432 |    186 |   1 |  814.0 |
      Gauntlet |    899 |    899 |      0 |    530 |      8 |   1 |  899.0 |
               +--------+--------+--------+--------+--------+-----+--------+

Top non-repeatable levels by time:
  Lair:6: 1975 daAuts
     D:9: 1655 daAuts
    D:14: 1626 daAuts
    D:15: 1488 daAuts
   Orc:2: 1476 daAuts
    D:13: 1393 daAuts
  Lair:1: 1373 daAuts
  Lair:4: 1357 daAuts
Shoals:2: 1293 daAuts
Shoals:1: 1223 daAuts
  Lair:2: 1206 daAuts
  Lair:5: 1202 daAuts
   Orc:1: 1200 daAuts
Shoals:3: 1033 daAuts
     D:3: 995 daAuts
